 Dungeon Crawl Stone Soup version 0.27-a0-808-g60bc5d92e6 (webtiles) character file.

Game seed: 3772000316145985848

973 funkygono the Magician (level 8, -19/51 HPs)
             Began as a Djinni Fire Elementalist on Mar 28, 2021.
             Demolished by Duvessa
             ... wielding a +1 rapier of speed
              (22 damage)
             ... on level 5 of the Dungeon.
             The game lasted 00:10:12 (5721 turns).

funkygono the Magician (Djinni Fire Elementalist)   Turns: 5721, Time: 00:10:13

Health: -19/51     AC:  4    Str:  7    XL:     8   Next: 16%
Gold:   142        EV: 13    Int: 23    God:
                   SH:  0    Dex: 13

rFire    + + +     SeeInvis .   i - +1 dagger (speed)
rCold    x x .     Faith    .   (no shield)
rNeg     . . .     Spirit   .   n - +2 robe of Itaanlurgh {Rampage *Drain rCorr Int+3}
rPois    ∞         Reflect  .   (no helmet)
rElec    .         Harm     .   (no cloak)
rCorr    +         Rampage  +   (no gloves)
Will     .....                  (boots unavailable)
Stlth    ++........             (no amulet)
HPRegen  0.17/turn              d - ring of fire
MPRegen  0.00/turn              (no ring)

@: flying
A: fire resistance 2, cold vulnerability 1, float, innate caster, hp casting,
extra vitality 1
a: no special abilities


You were on level 5 of the Dungeon.
You visited 1 branch of the dungeon, and saw 5 of its levels.

You collected 142 gold pieces.

Inventory:

Hand Weapons
 g - a +0 dagger
 i - a +1 dagger of speed (weapon)
 l - a +0 whip of pain
Armour
 e - a +0 scale mail
 n - the +2 robe of Itaanlurgh (worn) {Rampage *Drain rCorr Int+3}
   (You found it on level 4 of the Dungeon)

   It affects your intelligence (+3).
   It provides partial protection from all sources of acid and corrosion.
   It causes draining when unequipped.
   It bestows one free step when moving towards enemies.
Jewellery
 d - a ring of fire (left hand)
 f - a ring of fire
Scrolls
 m - a scroll of magic mapping
Potions
 c - 4 potions of curing
 h - 2 potions of invisibility
 j - 2 potions of might


   Skills:
 + Level 0.3 Fighting
 + Level 3.2 Dodging
 - Level 1.5 Stealth
 * Level 7.9 Spellcasting


You had one spell level left.
You knew the following spells:

 Your Spells              Type           Power      Damage    Failure   Level
a - Foxfire               Conj/Fire      100%       2x1d9     1%          1
b - Conjure Flame         Conj/Fire      62%        6-21      1%          3
c - Inner Flame           Hex/Fire       62%        N/A       1%          3
d - Sticky Flame          Conj/Fire      62%        2d8       2%          4
e - Fireball              Conj/Fire      31%        3d13      8%          5
f - Shock                 Conj/Air       100%       1d9       1%          1
g - Call Imp              Summ           45%        N/A       1%          2
h - Searing Ray           Conj           90%        3d6       1%          2
Your spell library was empty.

Dungeon Overview and Level Annotations

Branches:
Dungeon (5/15)
 Temple: D:4-7

Altars:
Yredelemnul
The Shining One

Shops:
D:2 (

Annotations:
D:4 1 runed translucent door
D:5 Duvessa


Innate Abilities, Weirdness & Mutations

You are immune to poison.
Your flesh is very heat resistant. (rF++)
You are vulnerable to cold. (rC-)
You float through the air rather than walking.
You learn spells naturally, not from books.
Your magical power is your life essence.
You have superior vitality. (+4 HP)


Message History

Confirm with . or Enter, or press ? or * to list all spells.
You feel a surge of power!
You conjure some foxfire!
Dowan burns!
You kill Dowan!
Duvessa weeps, then rights herself and shakes her weapon.
Duvessa goes berserk!
The foxfire hits Duvessa.
Duvessa is lightly wounded.
You hear an angry hiss.
Casting: Foxfire (safe; 1% risk of failure)
Confirm with . or Enter, or press ? or * to list all spells.
Aiming: Sticky Flame (dangerous; 2% risk of failure)
Press: ? - help, Shift-Dir - straight line, f - Duvessa
Aim: Duvessa, wielding a +1 rapier of speed and wearing a +0 leather armour (lightly wounded, berserk, ally target, 0% to evade)
You feel a surge of power!
The sticky flame hits Duvessa.
Duvessa is moderately wounded.
Duvessa is covered in liquid flames!
Duvessa burns!
The foxfire hits Duvessa but does no damage.
Duvessa is moderately wounded.
Duvessa burns!
Duvessa closely misses you.
You hear a shout!
Duvessa burns!
You hear an angry hiss.
Duvessa burns!
Duvessa hits you with a +1 rapier of speed!
Duvessa burns!
Duvessa hits you with a +1 rapier of speed.
Casting: Sticky Flame (dangerous; 2% risk of failure)
Confirm with . or Enter, or press ? or * to list all spells.
Aiming: Sticky Flame (dangerous; 2% risk of failure)
Press: ? - help, Shift-Dir - straight line, f/p - Duvessa
Aim: Duvessa, wielding a +1 rapier of speed and wearing a +0 leather armour (heavily wounded, berserk, covered in liquid flames, 0% to evade)
You feel a surge of power!
The sticky flame hits Duvessa.
Duvessa is heavily wounded.
Duvessa is covered in liquid flames!
Duvessa burns!
Duvessa hits you with a +1 rapier of speed!
* * * LOW HITPOINT WARNING * * *
Duvessa hits you with a +1 rapier of speed!
* * * LOW HITPOINT WARNING * * *
Duvessa burns!
Duvessa hits you with a +1 rapier of speed!!
You die...

#.#..### #..#...# #..
#.###.###.## ##..
#.....###..##### ## #...
#####..###.....# #.. ...
##g...####..# ....##.##
#####.##..## #
........####..##e..#..## #
........÷<......@......##.#
.....(..###.##....<.......#
......>.# #.##.........####
......... ...............##
..........(...............#
!...>......#...........#..#
.#.###.##..................#
#. #. #..................# #
#. .#............^....#


You could see Duvessa (berserk, burning) and a gnoll shaman.

Vanquished Creatures
  Sigmund (D:2)
  A black bear (D:5)
  2 ogres
  A centaur (D:5)
  A scorpion (D:4)
  Dowan (D:5)
  A howler monkey (D:5)
  A bullfrog zombie (D:4)
  A centaur skeleton (D:4)
  An orc priest (D:3)
  A hound (D:5)
  3 iguanas
  A hound zombie (D:4)
  A howler monkey zombie (D:5)
  2 adders
  A howler monkey skeleton (D:4)
  An ufetubus (D:4)
  3 adder zombies (D:4)
  An adder skeleton (D:5)
  3 dart slugs
  8 orcs
  4 endoplasms (D:1)
  3 giant cockroaches
  6 hobgoblins
  7 jackals
  4 kobolds (D:1)
  2 quokkas
  12 ball pythons
  3 bats
  2 frilled lizards (D:1)
  6 goblins
  2 rats (D:1)
87 creatures vanquished.

Vanquished Creatures (others)
  A ball python (D:3)
  A kobold (D:3)
  272 foxfires
  A plant (D:1)
275 creatures vanquished.

Grand Total: 362 creatures vanquished

Notes
Turn   | Place    | Note
-------+----------+-------------------------------------------
     0 | D:1      | funkygono the Djinni Fire Elementalist began the quest for
                  | the Orb.
     0 | D:1      | Reached XP level 1. HP: 15/15 MP: 0/0
    44 | D:1      | Noticed a redback
    44 | D:1      | Noticed an anaconda
    44 | D:1      | Noticed a rime drake
    45 | D:1      | Noticed a polar bear
    45 | D:1      | Noticed a snapping turtle
   189 | D:1      | Reached skill level 3 in Spellcasting
   245 | D:1      | Reached XP level 2. HP: 18/21 MP: 0/0
   851 | D:1      | Reached XP level 3. HP: 24/25 MP: 0/0
   851 | D:1      | Learned a level 1 spell: Shock
  1924 | D:2      | Noticed Sigmund
  2182 | D:2      | Found Qimmoes's Weapon Boutique.
  2268 | D:2      | You are sucked into a shaft and drop 1 floor!
  2478 | D:2      | Killed Sigmund
  2479 | D:2      | Reached skill level 5 in Spellcasting
  2479 | D:2      | Reached XP level 4. HP: 22/31 MP: 0/0
  2479 | D:2      | Reached XP level 5. HP: 25/35 MP: 0/0
  2479 | D:2      | Learned a level 2 spell: Call Imp
  3338 | D:3      | Reached XP level 6. HP: 38/40 MP: 0/0
  4027 | D:4      | Reached skill level 6 in Spellcasting
  4285 | D:4      | Found a glowing golden altar of the Shining One.
  4286 | D:4      | Found a runed translucent door.
  4286 | D:4      | Noticed an angel
  4344 | D:4      | Reached XP level 7. HP: 43/45 MP: 0/0
  4344 | D:4      | Learned a level 2 spell: Searing Ray
  4505 | D:4      | Found a basalt altar of Yredelemnul.
  4510 | D:4      | Identified the +2 robe of Itaanlurgh {Rampage *Drain rCorr
                  | Int+3}
  4820 | D:5      | Entered Level 5 of the Dungeon
  4820 | D:5      | Noticed Duvessa
  4820 | D:5      | Noticed Dowan
  5141 | D:4      | Reached skill level 7 in Spellcasting
  5558 | D:5      | Reached XP level 8. HP: 33/50 MP: 0/0
  5714 | D:5      | Killed Dowan
  5720 | D:5      | HP: 2/51 [Duvessa/+1 rapier of speed (11)]
  5721 | D:5      | Demolished by Duvessa

Illustrated notes

Levels and vault maps discovered:
D:1:      onia_arrival_zoo_common, layout_basic, serial_forest,
          infiniplex_forest_straight_5, infiniplex_forest_clump_tiny,
          infiniplex_forest_clump_tiny, infiniplex_forest_lined_4_way,
          infiniplex_forest_straight_5, infiniplex_forest_straight_2,
          infiniplex_forest_corner_1, serial_park_tiny_1, minmay_domino_2
D:2:      layout_basic, serial_shops, shop_fountains, uniq_sigmund
D:3:      wad_pebble_path, layout_basic, lemuel_old_faithful
D:4:      layout_cave_pools, nicolae_yredelemnul_corpse_copse,
          lemuel_angel_altar
D:5:      layout_rooms, uniq_duvessa

Skill      XL: |  1  2  3  4  5  6  7 |
---------------+----------------------+-----
Spellcasting   | 3 5 6 7 |  7.9
Dodging        | 3 |  3.2
Fighting       | |  0.3
Stealth        | |  1.5

Action                   |  1- 3 |  4- 6 |  7- 9 || total
-------------------------+-------+-------+-------++-------
Melee: Dagger            |       |       |     1 ||     1
 Cast: Foxfire           |    68 |    60 |    38 ||   166
       Sticky Flame      |       |     1 |     6 ||     7
       Searing Ray       |       |       |     4 ||     4
       Call Imp          |       |       |     1 ||     1
  Use: Scroll            |     4 |     2 |     5 ||    11
       Potion            |     2 |       |       ||     2
Armor: Robe              |     2 |       |     4 ||     6
Dodge: Dodged            |     7 |     3 |    21 ||    31

Table legend: (Time is in decaauts)
 A = Elapsed time spent in this place.
 B = Non-inter-level travel time spent in this place.
 C = Inter-level travel time spent in this place.
 D = Time resting spent in this place.
 E = Time spent auto-exploring this place.
 F = Levels seen in this place.
 G = Mean time per level.
                   A        B        C        D        E       F      G
               +--------+--------+--------+--------+--------+-----+--------+
         Total |   5725 |   5636 |     89 |    677 |   4133 |   5 | 1145.0 |
       Dungeon |   5725 |   5636 |     89 |    677 |   4133 |   5 | 1145.0 |
               +--------+--------+--------+--------+--------+-----+--------+

Top non-repeatable levels by time:
     D:1: 2141 daAuts
     D:4: 1440 daAuts
     D:3: 1013 daAuts
     D:2: 798 daAuts
     D:5: 332 daAuts
